Canadiens vs Stars
Created - 25 mars 2015 at 19:00
Goals
|
Canadiens |
0 |
2 |
2 |
4 |
Stars |
0 |
1 |
1 |
2 |
|
Shots
|
Canadiens |
7 |
21 |
12 |
40 |
Stars |
7 |
14 |
14 |
35 |
|
1st period
No Goal
Penalties :
Alexei Morozov (Dal) for Hooking (Minor) at 2:42, Daniel Sedin (Dal) for Hooking (Minor) at 8:26, Brett Clark (Mon) for Holding (Minor) at 11:41
2nd period
1. Canadiens , Brooks Laich 18 (Marek Svatos, Sergei Samsonov) at 1:47
2. Canadiens , Brian Gionta 3 (Jamie Lundmark, Brooks Laich) at 4:16
3. Stars , Éric Belanger 14 (Daniel Cleary, Matthew Spiller) at 4:24
Penalties :
Marek Svatos (Mon) for Tripping (Minor) at 2:10, Brooks Laich (Mon) for Hooking (Minor) at 5:11, Josh Gorges (Mon) for Hooking (Minor) at 15:26
3rd period
4. Stars , Evgeny Artyukhin 16 (Bryan Berard) at 1:30
5. Canadiens , Dustin Boyd 17 (Josh Gorges) at 9:06
6. Canadiens , Milan Michalek 30 (Rene Bourque, Dennis Wideman) at 19:19 (Empty Net)
Penalties :
Pavel Kubina (Dal) for Roughing (Minor) at 1:52, Shane Doan (Dal) for Tripping (Minor) at 10:25, Josh Gorges (Mon) for Slashing (Minor) at 15:37
Goalie Stats
Jonas Hiller (Mon), 33 saves from 35 shots - (0,943), W, 24-19-4, 60:00 minutes
Pascal Leclaire (Dal), 36 saves from 39 shots - (0,923), L, 29-23-4, 59:42 minutes
Players Stats for Canadiens
Player Name G A P +/- PIM S H SB GA TA FO MP PP MP PK MP
------------------------------------------------------------------------------------
Brandon Prust 0 0 0 0 0 1 1 0 0 0 0/0 8:40 0:00 1:59
Brett Clark 0 0 0 -1 2 3 1 3 1 1 0/0 27:58 4:37 4:23
Brian Gionta 1 0 1 1 0 2 0 0 0 0 0/0 9:38 0:55 0:00
Brooks Laich 1 1 2 1 2 1 2 0 0 0 5/9 12:31 0:00 1:10
Craig Rivet 0 0 0 1 0 2 0 2 0 0 0/0 16:43 2:31 3:56
Dennis Wideman 0 1 1 0 0 1 2 0 3 1 0/0 27:27 4:20 5:08
Dustin Boyd 1 0 1 0 0 7 0 1 0 0 8/21 19:19 4:04 0:03
Jamie Lundmark 0 1 1 1 0 1 1 0 0 1 1/8 11:54 0:21 2:40
Josh Gorges 0 1 1 1 4 1 3 2 0 2 0/0 22:37 3:36 3:06
Ladislav Smid 0 0 0 2 0 1 0 0 0 0 0/0 13:42 0:48 0:37
Marek Svatos 0 1 1 0 2 6 1 2 1 0 0/3 18:25 3:31 4:05
Mats Sundin 0 0 0 0 0 2 2 0 1 0 7/15 14:45 2:57 5:06
Matt Carle 0 0 0 1 0 2 0 0 1 0 0/0 11:58 0:00 2:40
Mikael Samuelsson 0 0 0 0 0 0 0 0 0 1 0/1 11:08 0:19 4:14
Milan Michalek 1 0 1 1 0 3 1 0 0 0 1/2 20:28 4:06 0:33
Rene Bourque 0 1 1 1 0 3 3 0 1 0 3/3 19:54 4:06 0:00
Riley Cote 0 0 0 1 0 0 0 0 0 0 0/0 8:39 0:00 0:00
Sergei Samsonov 0 1 1 0 0 4 3 0 0 0 1/5 14:14 3:29 0:00
Players Stats for Stars
Player Name G A P +/- PIM S H SB GA TA FO MP PP MP PK MP
------------------------------------------------------------------------------------
Alexei Morozov 0 0 0 0 2 0 4 0 0 0 0/0 15:09 4:53 0:00
Brendan Bell 0 0 0 -2 0 2 1 3 0 1 0/0 17:38 0:00 4:18
Bryan Berard 0 1 1 -2 0 2 1 0 0 0 0/0 14:46 3:51 0:30
Daniel Cleary 0 1 1 0 0 3 0 0 0 1 2/2 12:11 0:06 2:33
Daniel Sedin 0 0 0 -3 2 2 2 1 0 1 0/0 21:39 4:56 0:48
Éric Belanger 1 0 1 0 0 4 1 0 0 1 5/7 12:11 0:06 2:33
Evgeny Artyukhin 1 0 1 1 0 1 1 0 0 0 0/0 6:26 0:00 0:00
Filip Novak 0 0 0 0 0 1 0 0 0 1 0/0 14:29 0:00 4:08
Henrik Sedin 0 0 0 -3 0 4 1 1 0 0 18/33 20:23 4:56 0:00
Jan Hlavac 0 0 0 1 0 0 2 0 0 0 0/0 11:15 0:06 4:08
John Tavares 0 0 0 0 0 3 1 0 0 0 10/15 16:31 4:53 1:15
Mark Streit 0 0 0 -1 0 1 1 4 1 1 0/0 20:08 6:04 0:00
Marty Reasoner 0 0 0 1 0 0 0 0 0 2 4/8 10:55 0:00 4:08
Matthew Spiller 0 1 1 0 0 1 2 2 2 0 0/0 24:53 3:51 3:51
Patrick Sharp 0 0 0 0 0 1 1 0 0 0 1/1 15:35 4:53 0:27
Pavel Kubina 0 0 0 1 2 2 2 1 2 0 0/0 28:06 6:04 3:05
Ryan Malone 0 0 0 0 0 4 0 0 0 0 0/0 9:15 0:00 0:00
Shane Doan 0 0 0 -3 2 4 1 0 1 0 1/1 20:30 4:56 0:00
3 Stars
1 - Brooks Laich (Mon)
2 - Evgeny Artyukhin (Dal)
3 - Milan Michalek (Mon)
Power Play
Canadiens - 0 on 4 Attempt(s) - 0,00%
Stars - 0 on 5 Attempt(s) - 0,00%
Penalty Kill
Canadiens - 5 on 5 Attempt(s) - 100,00%
- Score 0 goal in Penalty Kill
Stars - 4 on 4 Attempt(s) - 100,00%
- Score 0 goal in Penalty Kill
Team Stat
Canadiens - Hits : 20 - Faceoff Wins : 26 - Blocked Shots : 10 - Penalty Minutes : 10
Stars - Hits : 21 - Faceoff Wins : 41 - Blocked Shots : 12 - Penalty Minutes : 8
Official
Referees : Furlatt Eric and O'Rourke Dan
Linesman : Mark Shewchyk and Jay Sharrers
Game Notes
Craig Rivet is injured at 4:28 of 3rd period (Strained Right Knee)
Milan Michalek has scored in a empty net!
Finance
Level 1 -- Attendance: 5517 (91,95%) -- Ticket Income 463 428 $
Level 2 -- Attendance: 4506 (90,12%) -- Ticket Income 234 312 $
Level 3 -- Attendance: 1874 (93,70%) -- Ticket Income 56 220 $
Level 4 -- Attendance: 3626 (90,65%) -- Ticket Income 68 894 $
Luxury Box -- Attendance: 720 (72,00%) -- Ticket Income 121 680 $
Game was played at the American Airlines Center'
Total Attendance: 16243 (90,24%)
Total Ticket Income: 944 534 $
Other Income: 141 680 $
Total Income: 1 086 214 $
Canadiens
5 vs 5 Forward
Center Left Wing Right Wing Time % Phy DF OF
1 Dustin Boyd Milan Michalek Rene Bourque 40 1 2 2
2 Brooks Laich Sergei Samsonov Marek Svatos 30 1 2 2
3 Jamie Lundmark Riley Cote Brian Gionta 20 1 2 2
4 Mats Sundin Brandon Prust Mikael Samuelsson 10 1 2 2
5 vs 5 Defense
Defense Defense Time % Phy DF OF
1 Dennis Wideman Brett Clark 40 1 2 2
2 Josh Gorges Craig Rivet 30 1 2 2
3 Ladislav Smid Matt Carle 20 1 2 2
4 Dennis Wideman Brett Clark 10 1 2 2
PowerPlay Forward
Center Left Wing Right Wing Time % Phy DF OF
1 Dustin Boyd Milan Michalek Rene Bourque 60 1 2 2
2 Mats Sundin Sergei Samsonov Marek Svatos 40 1 2 2
PowerPlay Defense
Defense Defense Time % Phy DF OF
1 Dennis Wideman Brett Clark 60 1 2 2
2 Josh Gorges Craig Rivet 40 1 2 2
Penalty Kill 4 Players Forward
Center Wing Time % Phy DF OF
1 Mats Sundin Marek Svatos 60 1 2 2
2 Jamie Lundmark Mikael Samuelsson 40 1 2 2
Penalty Kill 4 Players Defense
Defense Defense Time % Phy DF OF
1 Dennis Wideman Brett Clark 60 1 2 2
2 Josh Gorges Craig Rivet 40 1 2 2
Penalty Kill - 3 Players Forward
Forward Time % Phy DF OF
1 Mats Sundin 60 1 2 2
2 Jamie Lundmark 40 1 2 2
Penalty Kill - 3 Players Defense
Defense Defense Time % Phy DF OF
1 Dennis Wideman Brett Clark 60 1 2 2
2 Josh Gorges Craig Rivet 40 1 2 2
4 vs 4 Forward
Center Wing Time % Phy DF OF
1 Dustin Boyd Milan Michalek 60 1 2 2
2 Mats Sundin Sergei Samsonov 40 1 2 2
4 vs 4 Defense
Defense Defense Time % Phy DF OF
1 Dennis Wideman Brett Clark 60 1 2 2
2 Josh Gorges Craig Rivet 40 1 2 2
Last Minutes Offensive
Center Left Wing Right Wing Defense Defense
Brooks Laich Milan Michalek Rene Bourque Dennis Wideman Brett Clark
Last Minutes Defensive
Center Left Wing Right Wing Defense Defense
Brooks Laich Milan Michalek Rene Bourque Dennis Wideman Brett Clark
Goaltenders
Starting : Jonas Hiller
Backup : Miika Kiprusoff
Extra Forwards
Normal : Brian Gionta, Jamie Lundmark, Mikael Samuelsson - PP : Brian Gionta, Jamie Lundmark - PK : Mikael Samuelsson
Extra Defensemen
Normal : Ladislav Smid, Matt Carle, Josh Gorges - PP : Ladislav Smid - PK : Matt Carle, Josh Gorges
Penalty Shots
Rene Bourque, Marek Svatos, Milan Michalek, Sergei Samsonov, Brooks Laich
Stars
5 vs 5 Forward
Center Left Wing Right Wing Time % Phy DF OF
1 Henrik Sedin Daniel Sedin Shane Doan 40 1 2 2
2 John Tavares Patrick Sharp Alexei Morozov 30 1 2 2
3 Éric Belanger Ryan Malone Daniel Cleary 20 1 2 2
4 Marty Reasoner Jan Hlavac Evgeny Artyukhin 10 1 2 2
5 vs 5 Defense
Defense Defense Time % Phy DF OF
1 Pavel Kubina Matthew Spiller 40 1 2 2
2 Brendan Bell Mark Streit 30 1 2 2
3 Filip Novak Bryan Berard 20 1 2 2
4 Pavel Kubina Matthew Spiller 10 1 2 2
PowerPlay Forward
Center Left Wing Right Wing Time % Phy DF OF
1 John Tavares Patrick Sharp Alexei Morozov 50 1 2 2
2 Henrik Sedin Daniel Sedin Shane Doan 50 1 2 2
PowerPlay Defense
Defense Defense Time % Phy DF OF
1 Pavel Kubina Mark Streit 60 1 2 2
2 Matthew Spiller Bryan Berard 40 1 2 2
Penalty Kill 4 Players Forward
Center Wing Time % Phy DF OF
1 Marty Reasoner Jan Hlavac 60 1 2 2
2 Éric Belanger Daniel Cleary 40 1 2 2
Penalty Kill 4 Players Defense
Defense Defense Time % Phy DF OF
1 Brendan Bell Matthew Spiller 60 1 2 2
2 Pavel Kubina Filip Novak 40 1 2 2
Penalty Kill - 3 Players Forward
Forward Time % Phy DF OF
1 Marty Reasoner 60 1 2 2
2 Éric Belanger 40 1 2 2
Penalty Kill - 3 Players Defense
Defense Defense Time % Phy DF OF
1 Brendan Bell Matthew Spiller 60 1 2 2
2 Pavel Kubina Filip Novak 40 1 2 2
4 vs 4 Forward
Center Wing Time % Phy DF OF
1 Henrik Sedin Daniel Sedin 60 1 2 2
2 John Tavares Shane Doan 40 1 2 2
4 vs 4 Defense
Defense Defense Time % Phy DF OF
1 Pavel Kubina Mark Streit 60 1 2 2
2 Matthew Spiller Filip Novak 40 1 2 2
Last Minutes Offensive
Center Left Wing Right Wing Defense Defense
Henrik Sedin Daniel Sedin Shane Doan Pavel Kubina Mark Streit
Last Minutes Defensive
Center Left Wing Right Wing Defense Defense
Marty Reasoner Jan Hlavac Daniel Cleary Brendan Bell Matthew Spiller
Goaltenders
Starting : Pascal Leclaire
Backup : Patrick Lalime
Extra Forwards
Normal : Daniel Sedin, Patrick Sharp, Shane Doan - PP : John Tavares, Daniel Sedin - PK : Jan Hlavac
Extra Defensemen
Normal : Brendan Bell, Filip Novak, Mark Streit - PP : Pavel Kubina - PK : Matthew Spiller, Brendan Bell
Penalty Shots
Patrick Sharp, Daniel Sedin, John Tavares, Henrik Sedin, Alexei Morozov
% Time on Ice - Canadiens
Lines # - Real PCT - Wanted PCT - Time Play
Normal Forward
1 - 37% - 40% - 15:32
2 - 26% - 30% - 10:59
3 - 21% - 20% - 8:39
4 - 15% - 10% - 6:24
Normal Defense
1 - 43% - 40% - 17:41
2 - 36% - 30% - 15:02
3 - 20% - 20% - 8:28
4 - 1% - 10% - 0:23
PP Forward
1 - 56% - 60% - 4:25
2 - 44% - 40% - 3:31
PP Defense
1 - 55% - 60% - 4:20
2 - 45% - 40% - 3:36
PK Forward
1 - 73% - 60% - 7:15
2 - 27% - 40% - 2:40
PK Defense
1 - 47% - 60% - 4:37
2 - 53% - 40% - 5:18
PK3 Forward
1 - 0% - 60%
2 - 0% - 40%
PK3 Defense
1 - 0% - 60%
2 - 0% - 40%
44 Forward
1 - 0% - 60%
2 - 0% - 40%
44 Defense
1 - 0% - 60%
2 - 0% - 40%
Last Minute Offensive - 0:00
Last Minute Defensive - 0:35
Total
Forward - 60:00
Defense - 60:00
|
% Time on Ice - Stars
Lines # - Real PCT - Wanted PCT - Time Play
Normal Forward
1 - 38% - 40% - 15:38
2 - 25% - 30% - 10:18
3 - 22% - 20% - 9:15
4 - 15% - 10% - 6:26
Normal Defense
1 - 43% - 40% - 17:55
2 - 34% - 30% - 14:02
3 - 23% - 20% - 9:29
4 - 0% - 10% - 0:11
PP Forward
1 - 49% - 50% - 4:53
2 - 51% - 50% - 5:02
PP Defense
1 - 61% - 60% - 6:04
2 - 39% - 40% - 3:51
PK Forward
1 - 68% - 60% - 5:23
2 - 32% - 40% - 2:33
PK Defense
1 - 48% - 60% - 3:48
2 - 52% - 40% - 4:08
PK3 Forward
1 - 0% - 60%
2 - 0% - 40%
PK3 Defense
1 - 0% - 60%
2 - 0% - 40%
44 Forward
1 - 0% - 60%
2 - 0% - 40%
44 Defense
1 - 0% - 60%
2 - 0% - 40%
Last Minute Offensive - 0:32
Last Minute Defensive - 0:00
Total
Forward - 60:00
Defense - 60:00
|
Play by Play
1st period
0:01 of 1st period - Rene Bourque wins face-off versus Henrik Sedin in neutral zone.
0:26 of 1st period - Brooks Laich is hit by Matthew Spiller and loses puck.
0:53 of 1st period - Wrist shot by Éric Belanger.
0:53 of 1st period - Shot Misses the Net.
0:55 of 1st period - Slapshot by Ryan Malone.
0:55 of 1st period - Stopped by Jonas Hiller without a rebound.
0:56 of 1st period - Mats Sundin wins face-off versus Marty Reasoner in Canadiens zone.
2:42 of 1st period - Minor Penalty to Alexei Morozov for Hooking.
2:43 of 1st period - Marty Reasoner wins face-off versus Dustin Boyd in Stars zone.
3:11 of 1st period - Icing by Dennis Wideman.
3:12 of 1st period - Dustin Boyd wins face-off versus Marty Reasoner in Canadiens zone.
3:35 of 1st period - Snap shot by Marek Svatos.
3:35 of 1st period - Shot Misses the Net.
3:37 of 1st period - Slapshot by Brett Clark.
3:37 of 1st period - Deflect By Sergei Samsonov.
3:37 of 1st period - Shot Misses the Net.
3:37 of 1st period - Puck is out of play.
3:38 of 1st period - Marty Reasoner wins face-off versus Dustin Boyd in Stars zone.
3:38 of 1st period - Marty Reasoner is hit by Rene Bourque.
4:42 of 1st period - Penalty to Alexei Morozov is over, Alexei Morozov is back on ice.
4:55 of 1st period - Brett Clark is hit by Alexei Morozov.
4:59 of 1st period - Riley Cote is hit by Alexei Morozov and loses puck.
6:02 of 1st period - Icing by Matt Carle.
6:03 of 1st period - Rene Bourque wins face-off versus Henrik Sedin in Canadiens zone.
6:43 of 1st period - Slapshot by Rene Bourque.
6:43 of 1st period - Shot Misses the Net.
6:45 of 1st period - Snap shot by Rene Bourque.
6:45 of 1st period - Stopped by Pascal Leclaire with a rebound.
6:47 of 1st period - Snap shot by Milan Michalek.
6:47 of 1st period - Shot Misses the Net.
6:49 of 1st period - Backhand shot by Milan Michalek.
6:49 of 1st period - Shot Misses the Net.
6:57 of 1st period - Snap shot by Dustin Boyd.
6:57 of 1st period - Stopped by Pascal Leclaire without a rebound.
6:58 of 1st period - Brooks Laich wins face-off versus Henrik Sedin in Stars zone.
7:15 of 1st period - Brett Clark is hit by Matthew Spiller and loses puck.
7:29 of 1st period - Off-side.
7:30 of 1st period - Éric Belanger wins face-off versus Jamie Lundmark in neutral zone.
7:43 of 1st period - Craig Rivet is hit by Éric Belanger.
8:19 of 1st period - Snap shot by Mats Sundin.
8:19 of 1st period - Stopped by Pascal Leclaire without a rebound.
8:20 of 1st period - Henrik Sedin wins face-off versus Mats Sundin in Stars zone.
8:26 of 1st period - Minor Penalty to Daniel Sedin for Hooking.
8:27 of 1st period - Dustin Boyd wins face-off versus Marty Reasoner in Stars zone.
8:33 of 1st period - Snap shot by Rene Bourque.
8:33 of 1st period - Shot Blocked by Matthew Spiller.
9:20 of 1st period - Filip Novak is hit by Sergei Samsonov and loses puck.
10:26 of 1st period - Penalty to Daniel Sedin is over, Daniel Sedin is back on ice.
11:07 of 1st period - Off-side.
11:08 of 1st period - Henrik Sedin wins face-off versus Jamie Lundmark in neutral zone.
11:11 of 1st period - Wrist shot by Henrik Sedin.
11:11 of 1st period - Shot Misses the Net.
11:30 of 1st period - Off-side.
11:31 of 1st period - John Tavares wins face-off versus Dustin Boyd in neutral zone.
11:41 of 1st period - Minor Penalty to Brett Clark for Holding.
11:42 of 1st period - John Tavares wins face-off versus Mats Sundin in Canadiens zone.
11:56 of 1st period - Patrick Sharp is hit by Mats Sundin and loses puck.
13:07 of 1st period - Shane Doan is hit by Brooks Laich and loses puck.
13:41 of 1st period - Penalty to Brett Clark is over, Brett Clark is back on ice.
13:48 of 1st period - Brett Clark is hit by Bryan Berard and loses puck.
14:48 of 1st period - Icing by Alexei Morozov.
14:49 of 1st period - John Tavares wins face-off versus Dustin Boyd in Stars zone.
14:54 of 1st period - Dustin Boyd is hit by Patrick Sharp and loses puck.
15:13 of 1st period - Off-side.
15:14 of 1st period - Éric Belanger wins face-off versus Jamie Lundmark in neutral zone.
15:47 of 1st period - Snap shot by Shane Doan.
15:47 of 1st period - Stopped by Jonas Hiller without a rebound.
15:48 of 1st period - Dustin Boyd wins face-off versus Henrik Sedin in Canadiens zone.
15:55 of 1st period - Snap shot by Dustin Boyd.
15:55 of 1st period - Stopped by Pascal Leclaire with a rebound.
16:38 of 1st period - Wrist shot by Ryan Malone.
16:38 of 1st period - Stopped by Jonas Hiller with a rebound.
16:40 of 1st period - Slapshot by Mark Streit.
16:40 of 1st period - Stopped by Jonas Hiller with a rebound.
17:21 of 1st period - Wrist shot by Sergei Samsonov.
17:21 of 1st period - Stopped by Pascal Leclaire without a rebound.
17:22 of 1st period - Brooks Laich wins face-off versus John Tavares in Stars zone.
17:54 of 1st period - Wrist shot by Dustin Boyd.
17:54 of 1st period - Stopped by Pascal Leclaire without a rebound.
17:55 of 1st period - Dustin Boyd wins face-off versus Henrik Sedin in Stars zone.
18:06 of 1st period - Henrik Sedin is hit by Josh Gorges and loses puck.
18:17 of 1st period - Shane Doan is hit by Milan Michalek and loses puck.
18:47 of 1st period - Snap shot by Milan Michalek.
18:47 of 1st period - Stopped by Pascal Leclaire with a rebound.
19:29 of 1st period - Snap shot by Shane Doan.
19:29 of 1st period - Shot Blocked by Josh Gorges.
19:31 of 1st period - Slapshot by Bryan Berard.
19:31 of 1st period - Shot Blocked by Craig Rivet.
19:33 of 1st period - Wrist shot by Daniel Sedin.
19:33 of 1st period - Deflect By Shane Doan.
19:33 of 1st period - Stopped by Jonas Hiller with a rebound.
19:35 of 1st period - Snap shot by Henrik Sedin.
19:35 of 1st period - Shot Blocked by Josh Gorges.
19:37 of 1st period - Snap shot by Daniel Sedin.
19:37 of 1st period - Shot Blocked by Craig Rivet.
19:39 of 1st period - Slapshot by Bryan Berard.
19:39 of 1st period - Stopped by Jonas Hiller without a rebound.
19:40 of 1st period - Patrick Sharp wins face-off versus Marek Svatos in Canadiens zone.
19:47 of 1st period - Snap shot by John Tavares.
19:47 of 1st period - Shot Misses the Net.
19:49 of 1st period - Snap shot by Patrick Sharp.
19:49 of 1st period - Stopped by Jonas Hiller with a rebound.
Goals for this period are 0 for Canadiens vs 0 for Stars.
Shots for this period are 7 for Canadiens vs 7 for Stars.
2nd period
0:01 of 2nd period - Henrik Sedin wins face-off versus Brooks Laich in neutral zone.
0:26 of 2nd period - Dustin Boyd is hit by John Tavares and loses puck.
0:55 of 2nd period - Slapshot by Dennis Wideman.
0:55 of 2nd period - Shot Blocked by Mark Streit.
1:43 of 2nd period - Slapshot by Marek Svatos.
1:43 of 2nd period - Stopped by Pascal Leclaire without a rebound.
1:44 of 2nd period - Sergei Samsonov wins face-off versus Henrik Sedin in Stars zone.
1:45 of 2nd period - Snap shot by Marek Svatos.
1:45 of 2nd period - Stopped by Pascal Leclaire with a rebound.
1:47 of 2nd period - Slapshot by Brooks Laich.
1:47 of 2nd period - Goal by Brooks Laich - Canadiens : 1 - Stars : 0.
1:48 of 2nd period - Henrik Sedin wins face-off versus Brooks Laich in neutral zone.
1:59 of 2nd period - Matthew Spiller is hit by Marek Svatos and loses puck.
2:10 of 2nd period - Minor Penalty to Marek Svatos for Tripping.
2:11 of 2nd period - Henrik Sedin wins face-off versus Mats Sundin in Canadiens zone.
2:12 of 2nd period - Backhand shot by Daniel Sedin.
2:12 of 2nd period - Stopped by Jonas Hiller without a rebound.
2:13 of 2nd period - Henrik Sedin wins face-off versus Mats Sundin in Canadiens zone.
3:15 of 2nd period - Bryan Berard is hit by Brooks Laich and loses puck.
3:22 of 2nd period - Milan Michalek is hit by Alexei Morozov and loses puck.
3:33 of 2nd period - Pavel Kubina is hit by Brett Clark.
4:10 of 2nd period - Penalty to Marek Svatos is over, Marek Svatos is back on ice.
4:16 of 2nd period - Slapshot by Brian Gionta.
4:16 of 2nd period - Goal by Brian Gionta - Canadiens : 2 - Stars : 0.
4:17 of 2nd period - Daniel Cleary wins face-off versus Brooks Laich in neutral zone.
4:20 of 2nd period - Slapshot by Matthew Spiller.
4:20 of 2nd period - Shot Hit the Post.
4:22 of 2nd period - Snap shot by Daniel Cleary.
4:22 of 2nd period - Shot Misses the Net.
4:24 of 2nd period - Wrist shot by Éric Belanger.
4:24 of 2nd period - Goal by Éric Belanger - Canadiens : 2 - Stars : 1.
4:25 of 2nd period - Brooks Laich wins face-off versus Henrik Sedin in neutral zone.
5:08 of 2nd period - Snap shot by Sergei Samsonov.
5:08 of 2nd period - Stopped by Pascal Leclaire with a rebound.
5:10 of 2nd period - Wrist shot by Marek Svatos.
5:10 of 2nd period - Stopped by Pascal Leclaire with a rebound.
5:11 of 2nd period - Minor Penalty to Brooks Laich for Hooking.
5:12 of 2nd period - Mats Sundin wins face-off versus John Tavares in Canadiens zone.
5:45 of 2nd period - Snap shot by Henrik Sedin.
5:45 of 2nd period - Stopped by Jonas Hiller with a rebound.
5:47 of 2nd period - Slapshot by Bryan Berard.
5:47 of 2nd period - Stopped by Jonas Hiller without a rebound.
5:48 of 2nd period - Mats Sundin wins face-off versus John Tavares in Canadiens zone.
6:18 of 2nd period - Snap shot by Henrik Sedin.
6:18 of 2nd period - Shot Blocked by Brett Clark.
6:20 of 2nd period - Snap shot by Henrik Sedin.
6:20 of 2nd period - Shot Blocked by Marek Svatos.
6:22 of 2nd period - Snap shot by Shane Doan.
6:22 of 2nd period - Shot Blocked by Marek Svatos.
6:24 of 2nd period - Snap shot by Shane Doan.
6:24 of 2nd period - Shot Misses the Net.
7:11 of 2nd period - Penalty to Brooks Laich is over, Brooks Laich is back on ice.
7:24 of 2nd period - Snap shot by Éric Belanger.
7:24 of 2nd period - Shot Misses the Net.
7:26 of 2nd period - Backhand shot by Filip Novak.
7:26 of 2nd period - Stopped by Jonas Hiller with a rebound.
7:28 of 2nd period - Snap shot by Daniel Cleary.
7:28 of 2nd period - Stopped by Jonas Hiller with a rebound.
7:30 of 2nd period - Snap shot by Éric Belanger.
7:30 of 2nd period - Stopped by Jonas Hiller with a rebound.
7:32 of 2nd period - Slapshot by Bryan Berard.
7:32 of 2nd period - Deflect By Ryan Malone.
7:32 of 2nd period - Stopped by Jonas Hiller with a rebound.
7:34 of 2nd period - Snap shot by Ryan Malone.
7:34 of 2nd period - Shot Misses the Net.
7:44 of 2nd period - Brooks Laich is hit by Evgeny Artyukhin and loses puck.
8:17 of 2nd period - Slapshot by Matthew Spiller.
8:17 of 2nd period - Deflect By Ryan Malone.
8:17 of 2nd period - Stopped by Jonas Hiller without a rebound.
8:18 of 2nd period - Daniel Cleary wins face-off versus Mats Sundin in Canadiens zone.
8:21 of 2nd period - Slapshot by Daniel Cleary.
8:21 of 2nd period - Stopped by Jonas Hiller with a rebound.
8:23 of 2nd period - Wrist shot by Ryan Malone.
8:23 of 2nd period - Shot Misses the Net.
8:29 of 2nd period - Slapshot by Mark Streit.
8:29 of 2nd period - Deflect By Daniel Cleary.
8:29 of 2nd period - Stopped by Jonas Hiller without a rebound.
8:30 of 2nd period - Dustin Boyd wins face-off versus Henrik Sedin in Canadiens zone.
8:45 of 2nd period - Wrist shot by Dustin Boyd.
8:45 of 2nd period - Stopped by Pascal Leclaire with a rebound.
8:57 of 2nd period - Snap shot by Marek Svatos.
8:57 of 2nd period - Stopped by Pascal Leclaire with a rebound.
9:07 of 2nd period - Brett Clark is hit by Mark Streit and loses puck.
9:48 of 2nd period - Shane Doan is hit by Sergei Samsonov and loses puck.
10:31 of 2nd period - Wrist shot by John Tavares.
10:31 of 2nd period - Stopped by Jonas Hiller with a rebound.
10:51 of 2nd period - Snap shot by Brandon Prust.
10:51 of 2nd period - Stopped by Pascal Leclaire with a rebound.
11:07 of 2nd period - Wrist shot by Milan Michalek.
11:07 of 2nd period - Shot Misses the Net.
11:09 of 2nd period - Snap shot by Dustin Boyd.
11:09 of 2nd period - Shot Misses the Net.
11:11 of 2nd period - Slapshot by Matt Carle.
11:11 of 2nd period - Stopped by Pascal Leclaire without a rebound.
11:12 of 2nd period - Henrik Sedin wins face-off versus Dustin Boyd in Stars zone.
11:21 of 2nd period - Snap shot by Shane Doan.
11:21 of 2nd period - Stopped by Jonas Hiller with a rebound.
11:39 of 2nd period - Riley Cote is hit by Alexei Morozov and loses puck.
11:57 of 2nd period - Off-side.
11:58 of 2nd period - Mats Sundin wins face-off versus Éric Belanger in neutral zone.
12:25 of 2nd period - Daniel Cleary is hit by Brandon Prust and loses puck.
12:41 of 2nd period - Off-side.
12:42 of 2nd period - Henrik Sedin wins face-off versus Milan Michalek in neutral zone.
12:49 of 2nd period - Wrist shot by Dustin Boyd.
12:49 of 2nd period - Shot Misses the Net.
12:51 of 2nd period - Snap shot by Milan Michalek.
12:51 of 2nd period - Stopped by Pascal Leclaire without a rebound.
12:52 of 2nd period - Henrik Sedin wins face-off versus Dustin Boyd in Stars zone.
13:30 of 2nd period - Wrist shot by Dustin Boyd.
13:30 of 2nd period - Stopped by Pascal Leclaire with a rebound.
13:32 of 2nd period - Wrist shot by Rene Bourque.
13:32 of 2nd period - Stopped by Pascal Leclaire with a rebound.
13:34 of 2nd period - Slapshot by Craig Rivet.
13:34 of 2nd period - Stopped by Pascal Leclaire with a rebound.
13:44 of 2nd period - Snap shot by Rene Bourque.
13:44 of 2nd period - Stopped by Pascal Leclaire without a rebound.
13:45 of 2nd period - John Tavares wins face-off versus Sergei Samsonov in Stars zone.
14:44 of 2nd period - Wrist shot by Mats Sundin.
14:44 of 2nd period - Stopped by Pascal Leclaire with a rebound.
14:56 of 2nd period - Slapshot by Pavel Kubina.
14:56 of 2nd period - Deflect By Alexei Morozov.
14:56 of 2nd period - Shot Misses the Net.
14:56 of 2nd period - Puck is out of play.
14:57 of 2nd period - Brooks Laich wins face-off versus John Tavares in Canadiens zone.
15:04 of 2nd period - Slapshot by Sergei Samsonov.
15:04 of 2nd period - Stopped by Pascal Leclaire without a rebound.
15:05 of 2nd period - Shane Doan wins face-off versus Dustin Boyd in Stars zone.
15:26 of 2nd period - Minor Penalty to Josh Gorges for Hooking.
15:27 of 2nd period - Henrik Sedin wins face-off versus Mats Sundin in Canadiens zone.
16:20 of 2nd period - Mats Sundin is hit by Daniel Sedin and loses puck.
17:25 of 2nd period - Matthew Spiller is hit by Jamie Lundmark and loses puck.
17:26 of 2nd period - Penalty to Josh Gorges is over, Josh Gorges is back on ice.
17:40 of 2nd period - Slapshot by Mark Streit.
17:40 of 2nd period - Shot Misses the Net.
17:42 of 2nd period - Slapshot by Brendan Bell.
17:42 of 2nd period - Stopped by Jonas Hiller without a rebound.
17:43 of 2nd period - Éric Belanger wins face-off versus Dustin Boyd in Canadiens zone.
17:44 of 2nd period - Slapshot by Mark Streit.
17:44 of 2nd period - Shot Blocked by Dustin Boyd.
18:36 of 2nd period - Snap shot by Marek Svatos.
18:36 of 2nd period - Shot Blocked by Henrik Sedin.
18:38 of 2nd period - Wrist shot by Marek Svatos.
18:38 of 2nd period - Stopped by Pascal Leclaire without a rebound.
18:39 of 2nd period - Henrik Sedin wins face-off versus Sergei Samsonov in Stars zone.
18:43 of 2nd period - Icing by Shane Doan.
18:44 of 2nd period - Dustin Boyd wins face-off versus Henrik Sedin in Stars zone.
18:47 of 2nd period - Wrist shot by Dustin Boyd.
18:47 of 2nd period - Shot Misses the Net.
18:49 of 2nd period - Snap shot by Rene Bourque.
18:49 of 2nd period - Shot Blocked by Daniel Sedin.
19:32 of 2nd period - Slapshot by Brian Gionta.
19:32 of 2nd period - Stopped by Pascal Leclaire with a rebound.
19:34 of 2nd period - Wrist shot by Josh Gorges.
19:34 of 2nd period - Shot Blocked by Brendan Bell.
19:36 of 2nd period - Snap shot by Jamie Lundmark.
19:36 of 2nd period - Shot Misses the Net.
19:38 of 2nd period - Snap shot by Brian Gionta.
19:38 of 2nd period - Shot Misses the Net.
19:40 of 2nd period - Wrist shot by Riley Cote.
19:40 of 2nd period - Shot Blocked by Mark Streit.
19:42 of 2nd period - Slapshot by Josh Gorges.
19:42 of 2nd period - Stopped by Pascal Leclaire without a rebound.
19:43 of 2nd period - Milan Michalek wins face-off versus Henrik Sedin in Stars zone.
19:44 of 2nd period - Wrist shot by Dustin Boyd.
19:44 of 2nd period - Stopped by Pascal Leclaire without a rebound.
19:45 of 2nd period - Henrik Sedin wins face-off versus Dustin Boyd in Stars zone.
19:56 of 2nd period - Pavel Kubina is hit by Josh Gorges and loses puck.
Goals for this period are 2 for Canadiens vs 1 for Stars.
Shots for this period are 21 for Canadiens vs 14 for Stars.
3rd period
0:01 of 3rd period - Dustin Boyd wins face-off versus Henrik Sedin in neutral zone.
0:17 of 3rd period - Milan Michalek is hit by Daniel Sedin and loses puck.
1:00 of 3rd period - Filip Novak is hit by Rene Bourque and loses puck.
1:28 of 3rd period - Wrist shot by Evgeny Artyukhin.
1:28 of 3rd period - Shot Misses the Net.
1:30 of 3rd period - Wrist shot by Evgeny Artyukhin.
1:30 of 3rd period - Goal by Evgeny Artyukhin - Canadiens : 2 - Stars : 2.
1:31 of 3rd period - Henrik Sedin wins face-off versus Sergei Samsonov in neutral zone.
1:36 of 3rd period - Snap shot by Henrik Sedin.
1:36 of 3rd period - Stopped by Jonas Hiller with a rebound.
1:52 of 3rd period - Minor Penalty to Pavel Kubina for Roughing.
1:53 of 3rd period - Mats Sundin wins face-off versus Marty Reasoner in Stars zone.
2:00 of 3rd period - Snap shot by Sergei Samsonov.
2:00 of 3rd period - Shot Misses the Net.
2:02 of 3rd period - Slapshot by Craig Rivet.
2:02 of 3rd period - Stopped by Pascal Leclaire with a rebound.
2:04 of 3rd period - Snap shot by Josh Gorges.
2:04 of 3rd period - Shot Misses the Net.
2:06 of 3rd period - Snap shot by Marek Svatos.
2:06 of 3rd period - Shot Blocked by Brendan Bell.
2:08 of 3rd period - Snap shot by Sergei Samsonov.
2:08 of 3rd period - Shot Misses the Net.
3:31 of 3rd period - Brendan Bell is hit by Dennis Wideman and loses puck.
3:52 of 3rd period - Penalty to Pavel Kubina is over, Pavel Kubina is back on ice.
4:00 of 3rd period - Riley Cote is hit by Pavel Kubina and loses puck.
4:27 of 3rd period - Craig Rivet is hit by Shane Doan and loses puck.
4:28 of 3rd period - Craig Rivet from Canadiens is injured at 4:28 of 3rd period (Strained Right Knee).
4:29 of 3rd period - Henrik Sedin wins face-off versus Dustin Boyd in Canadiens zone.
4:34 of 3rd period - Wrist shot by Shane Doan.
4:34 of 3rd period - Stopped by Jonas Hiller with a rebound.
4:36 of 3rd period - Slapshot by Henrik Sedin.
4:36 of 3rd period - Stopped by Jonas Hiller with a rebound.
4:38 of 3rd period - Snap shot by Henrik Sedin.
4:38 of 3rd period - Shot Misses the Net.
4:44 of 3rd period - Snap shot by Henrik Sedin.
4:44 of 3rd period - Deflect By Daniel Sedin.
4:44 of 3rd period - Shot Blocked by Brett Clark.
4:44 of 3rd period - Puck is out of play.
4:45 of 3rd period - John Tavares wins face-off versus Sergei Samsonov in Canadiens zone.
4:59 of 3rd period - John Tavares is hit by Sergei Samsonov and loses puck.
5:10 of 3rd period - Milan Michalek is hit by Henrik Sedin and loses puck.
5:27 of 3rd period - Snap shot by Jamie Lundmark.
5:27 of 3rd period - Deflect By Brian Gionta.
5:27 of 3rd period - Shot Blocked by Mark Streit.
5:27 of 3rd period - Puck is out of play.
5:28 of 3rd period - John Tavares wins face-off versus Jamie Lundmark in Stars zone.
6:21 of 3rd period - Rene Bourque is hit by Brendan Bell and loses puck.
6:51 of 3rd period - Slapshot by Jamie Lundmark.
6:51 of 3rd period - Shot Misses the Net.
7:13 of 3rd period - Wrist shot by Sergei Samsonov.
7:13 of 3rd period - Stopped by Pascal Leclaire without a rebound.
7:14 of 3rd period - Henrik Sedin wins face-off versus Marek Svatos in Stars zone.
8:44 of 3rd period - Wrist shot by Marek Svatos.
8:44 of 3rd period - Stopped by Pascal Leclaire with a rebound.
8:46 of 3rd period - Snap shot by Marek Svatos.
8:46 of 3rd period - Shot Blocked by Brendan Bell.
8:48 of 3rd period - Snap shot by Marek Svatos.
8:48 of 3rd period - Shot Misses the Net.
8:50 of 3rd period - Snap shot by Brett Clark.
8:50 of 3rd period - Stopped by Pascal Leclaire with a rebound.
9:06 of 3rd period - Snap shot by Dustin Boyd.
9:06 of 3rd period - Goal by Dustin Boyd - Canadiens : 3 - Stars : 2.
9:07 of 3rd period - John Tavares wins face-off versus Dustin Boyd in neutral zone.
9:12 of 3rd period - Wrist shot by John Tavares.
9:12 of 3rd period - Stopped by Jonas Hiller without a rebound.
9:13 of 3rd period - John Tavares wins face-off versus Dustin Boyd in Canadiens zone.
9:28 of 3rd period - Snap shot by Milan Michalek.
9:28 of 3rd period - Deflect By Dustin Boyd.
9:28 of 3rd period - Shot Blocked by Pavel Kubina.
9:28 of 3rd period - Puck is out of play.
9:29 of 3rd period - Henrik Sedin wins face-off versus Brooks Laich in Stars zone.
10:03 of 3rd period - Slapshot by Pavel Kubina.
10:03 of 3rd period - Deflect By John Tavares.
10:03 of 3rd period - Shot Misses the Net.
10:03 of 3rd period - Puck is out of play.
10:04 of 3rd period - Henrik Sedin wins face-off versus Marek Svatos in Canadiens zone.
10:14 of 3rd period - Off-side.
10:15 of 3rd period - Rene Bourque wins face-off versus Henrik Sedin in neutral zone.
10:25 of 3rd period - Minor Penalty to Shane Doan for Tripping.
10:26 of 3rd period - Marty Reasoner wins face-off versus Dustin Boyd in Stars zone.
10:36 of 3rd period - Slapshot by Brett Clark.
10:36 of 3rd period - Stopped by Pascal Leclaire with a rebound.
10:38 of 3rd period - Slapshot by Dennis Wideman.
10:38 of 3rd period - Shot Blocked by Matthew Spiller.
10:40 of 3rd period - Snap shot by Dennis Wideman.
10:40 of 3rd period - Stopped by Pascal Leclaire with a rebound.
10:42 of 3rd period - Wrist shot by Dustin Boyd.
10:42 of 3rd period - Shot Misses the Net.
12:25 of 3rd period - Penalty to Shane Doan is over, Shane Doan is back on ice.
12:32 of 3rd period - Snap shot by Jamie Lundmark.
12:32 of 3rd period - Stopped by Pascal Leclaire without a rebound.
12:33 of 3rd period - Jamie Lundmark wins face-off versus Éric Belanger in Stars zone.
12:42 of 3rd period - Slapshot by Matt Carle.
12:42 of 3rd period - Shot Misses the Net.
12:44 of 3rd period - Slapshot by Ladislav Smid.
12:44 of 3rd period - Stopped by Pascal Leclaire without a rebound.
12:45 of 3rd period - John Tavares wins face-off versus Jamie Lundmark in Stars zone.
12:45 of 3rd period - John Tavares is hit by Dennis Wideman.
12:55 of 3rd period - Snap shot by Patrick Sharp.
12:55 of 3rd period - Shot Misses the Net.
13:11 of 3rd period - Matthew Spiller is hit by Rene Bourque and loses puck.
13:34 of 3rd period - Josh Gorges is hit by Jan Hlavac.
13:38 of 3rd period - Brooks Laich is hit by Jan Hlavac.
13:42 of 3rd period - Snap shot by Evgeny Artyukhin.
13:42 of 3rd period - Shot Misses the Net.
14:20 of 3rd period - Éric Belanger is hit by Mats Sundin and loses puck.
14:25 of 3rd period - Wrist shot by Brandon Prust.
14:25 of 3rd period - Shot Misses the Net.
14:29 of 3rd period - Snap shot by Mikael Samuelsson.
14:29 of 3rd period - Shot Misses the Net.
14:31 of 3rd period - Slapshot by Matt Carle.
14:31 of 3rd period - Stopped by Pascal Leclaire without a rebound.
14:32 of 3rd period - Dustin Boyd wins face-off versus Henrik Sedin in Stars zone.
14:35 of 3rd period - Snap shot by Dustin Boyd.
14:35 of 3rd period - Shot Blocked by Mark Streit.
14:37 of 3rd period - Snap shot by Brett Clark.
14:37 of 3rd period - Deflect By Mark Streit.
14:37 of 3rd period - Stopped by Pascal Leclaire with a rebound.
15:37 of 3rd period - Minor Penalty to Josh Gorges for Slashing.
15:38 of 3rd period - Henrik Sedin wins face-off versus Mats Sundin in Canadiens zone.
15:38 of 3rd period - Wrist shot by Daniel Sedin.
15:38 of 3rd period - Shot Misses the Net.
15:40 of 3rd period - Slapshot by Mark Streit.
15:40 of 3rd period - Deflect By Daniel Sedin.
15:40 of 3rd period - Stopped by Jonas Hiller without a rebound.
15:41 of 3rd period - Mats Sundin wins face-off versus Henrik Sedin in Canadiens zone.
15:49 of 3rd period - Off-side.
15:50 of 3rd period - Mats Sundin wins face-off versus John Tavares in neutral zone.
16:23 of 3rd period - Wrist shot by Mikael Samuelsson.
16:23 of 3rd period - Shot Misses the Net.
16:52 of 3rd period - Slapshot by Henrik Sedin.
16:52 of 3rd period - Stopped by Jonas Hiller without a rebound.
16:53 of 3rd period - John Tavares wins face-off versus Mikael Samuelsson in Canadiens zone.
16:58 of 3rd period - Slapshot by John Tavares.
16:58 of 3rd period - Stopped by Jonas Hiller with a rebound.
17:37 of 3rd period - Penalty to Josh Gorges is over, Josh Gorges is back on ice.
18:06 of 3rd period - Snap shot by Brian Gionta.
18:06 of 3rd period - Shot Misses the Net.
18:14 of 3rd period - Josh Gorges is hit by Pavel Kubina and loses puck.
18:27 of 3rd period - Filip Novak is hit by Josh Gorges and loses puck.
18:51 of 3rd period - Wrist shot by Shane Doan.
18:51 of 3rd period - Shot Misses the Net.
18:59 of 3rd period - Slapshot by Shane Doan.
18:59 of 3rd period - Shot Blocked by Brett Clark.
19:01 of 3rd period - Stars, Pascal Leclaire is pulled from the net.
19:01 of 3rd period - Slapshot by Brendan Bell.
19:01 of 3rd period - Stopped by Jonas Hiller without a rebound.
19:02 of 3rd period - Barry Trotz call a timeout for Stars.
19:02 of 3rd period - Brooks Laich wins face-off versus Henrik Sedin in Canadiens zone.
19:19 of 3rd period - Slapshot by Milan Michalek.
19:19 of 3rd period - Goal by Milan Michalek - Canadiens : 4 - Stars : 2.
19:19 of 3rd period - Pascal Leclaire from Stars was sent back in the game.
19:20 of 3rd period - Éric Belanger wins face-off versus Jamie Lundmark in neutral zone.
19:23 of 3rd period - Slapshot by Pavel Kubina.
19:23 of 3rd period - Deflect By Brett Clark.
19:23 of 3rd period - Stopped by Jonas Hiller without a rebound.
19:24 of 3rd period - Éric Belanger wins face-off versus Jamie Lundmark in Canadiens zone.
19:33 of 3rd period - Slapshot by Pavel Kubina.
19:33 of 3rd period - Stopped by Jonas Hiller with a rebound.
19:35 of 3rd period - Wrist shot by Éric Belanger.
19:35 of 3rd period - Stopped by Jonas Hiller with a rebound.
19:37 of 3rd period - Slapshot by Matthew Spiller.
19:37 of 3rd period - Stopped by Jonas Hiller with a rebound.
19:39 of 3rd period - Wrist shot by Éric Belanger.
19:39 of 3rd period - Stopped by Jonas Hiller without a rebound.
19:40 of 3rd period - Marty Reasoner wins face-off versus Mats Sundin in Canadiens zone.
19:41 of 3rd period - Snap shot by Jan Hlavac.
19:41 of 3rd period - Shot Misses the Net.
Goals for this period are 2 for Canadiens vs 1 for Stars.
Shots for this period are 12 for Canadiens vs 14 for Stars.
Output by the SimonT Hockey Simulator (STHS) for François Prévost -- Original Page W3C XHTML 1.0 Valid